Map: Hardwire LE

Players

Dream

  • Race: Terran Terran

Solar - Winner!

  • Race: Zerg Zerg
  • League: Master

Event: TSL 8

VOD

Have the link to the VOD?

Description

Time

  • Played on: Nov. 27, 2021, 7:36 a.m.
  • Length: 14:27

All games in this series

Show
View Real Time Build Order
Export as new Build Order

Dream Terran 

Build Orders: Reaper Expand, Hellion Banshee 

Get SALT Encoding   

  12  0:00  SCV  
  13  0:12  SCV  
  14  0:17  Supply Depot  
  14  0:24  SCV  
  15  0:38  SCV  
  15  0:39  Barracks  
  16  0:46  Refinery  
  16  0:51  SCV  
  17  1:03  SCV  
  18  1:15  SCV  
  19  1:27  Orbital Command  
  19  1:29  Reaper  
  20  1:38  Command Center  
  20  1:49  Supply Depot  
  20  1:52  SCV  
  21  2:01  Marine  
  21  2:05  SCV  
  21  2:07  Factory  
  23  2:17  SCV  
  24  2:24  Marine  
  25  2:30  SCV  
  25  2:35  Refinery  
  26  2:42  Barracks Reactor  
  25  2:48  SCV  
  26  2:52  Command Center  
  26  3:01  Starport, SCV  
  27  3:13  SCV  
  28  3:20  Orbital Command  
  28  3:24  Barracks Tech Lab  
  28  3:25  SCV  
  29  3:30  Hellion  
  29  3:32  Hellion  
  33  3:37  SCV  
  34  3:47  SCV  
  35  3:49  SCV  
  35  3:51  Banshee  
  35  3:52  Cloaking Field  
  39  3:59  SCV  
  39  4:02  SCV  
  41  4:03  Hellion x2  
  41  4:09  Orbital Command  
  45  4:11  SCV  
  45  4:14  SCV  
  47  4:17  Supply Depot  
  47  4:18  Barracks Tech Lab  
  47  4:23  SCV  
  48  4:26  SCV  
  48  4:28  Hellion x2  
  53  4:35  SCV  
  53  4:37  Banshee  
  53  4:38  SCV  
  58  4:40  Orbital Command  
  58  4:47  SCV  
  58  4:50  SCV  
  58  4:52  Barracks  
  60  4:55  Barracks  
  60  4:58  Factory Reactor  
  60  4:59  Marine  
  61  5:00  SCV  
  61  5:02  SCV  
  61  5:03  Supply Depot  
  61  5:05  Engineering Bay  
  63  5:08  Engineering Bay  
  63  5:09  Refinery  
  63  5:10  SCV, Refinery  
  63  5:13  SCV  
  65  5:15  SCV  
  65  5:17  Marine  
  65  5:18  Stimpack  
  67  5:22  SCV  
  67  5:25  SCV  
  67  5:27  Supply Depot, SCV, Starport Reactor  
  70  5:34  Marine  
  70  5:35  SCV  
  72  5:36  Terran Infantry Weapons Level 1, Terran Infantry Armor Level 1  
  72  5:38  SCV  
  72  5:39  SCV  
  72  5:46  Supply Depot  
  72  5:47  Supply Depot, Marine  
  72  5:48  Marine  
  75  5:50  SCV  
  75  5:51  SCV  
  75  5:52  Marine  
  77  5:58  Siege Tank  
  77  6:00  SCV  
  77  6:02  SCV  
  77  6:03  SCV  
  83  6:06  Marine x2  
  83  6:07  Marine x2  
  83  6:10  Barracks  
  87  6:13  Supply Depot x2, Barracks  
  87  6:17  SCV x3  
  87  6:18  Marine  
  90  6:24  Marine  
  92  6:28  Marine x3  
  92  6:32  Medivac x2, Siege Tank  
  95  6:33  SCV x2  
  95  6:34  SCV  
  95  6:36  Marine  
  95  6:39  Armory  
  99  6:42  Marine  
  99  6:45  SCV  
  99  6:46  Marine x2  
  103  6:47  SCV x2  
  103  6:48  Marine  
  103  6:54  Supply Depot, Refinery, Marine  
  107  6:56  Refinery  
  107  6:57  SCV  
  107  7:00  Barracks Reactor x2, Marine  
  109  7:04  Marine x2  
  109  7:06  Marine  
  109  7:08  Siege Tank  
  115  7:11  Marine  
  116  7:17  Marine  
  116  7:22  Medivac x2, Marine x2  
  122  7:29  Marine x2  
  123  7:30  Command Center  
  123  7:32  Terran Infantry Weapons Level 2, Terran Infantry Armor Level 2  
  123  7:34  Supply Depot  
  123  7:35  Supply Depot, Marine  
  109  7:37  Marine  
  109  7:42  Marine  
  109  7:43  Marine  
  111  7:45  Marine  
  111  7:48  Supply Depot, SCV x2  
  111  7:49  SCV  
  111  7:50  Marine x4  
  119  7:53  Marine  
  119  7:55  Marine  
  121  8:00  Marine  
  121  8:01  Siege Tank  
  121  8:02  Medivac  
  127  8:06  Marine x2  
  127  8:07  Marine  
  127  8:08  Marine  
  127  8:09  Combat Shield  
  131  8:17  Marine x4  
  131  8:18  Supply Depot, Marine  
  136  8:24  Factory  
  136  8:28  Marine  
  136  8:29  Marine x2  
  136  8:33  Medivac, Siege Tank  
  145  8:34  Medivac  
  147  8:44  Supply Depot  
  147  8:45  Supply Depot, Sensor Tower  
  146  8:57  Marine x3  
  146  8:58  Marine x2  
  146  8:59  Marine x4  
  146  9:11  Factory Tech Lab  
  146  9:12  Siege Tank  
  146  9:15  Marine x5  
  150  9:17  Marauder  
  150  9:18  Terran Vehicle Weapons Level 1, Marine  
  150  9:19  Marine  
  150  9:20  Marine  
  155  9:27  Liberator x2  
  155  9:30  Planetary Fortress  
  161  9:43  Siege Tank  
  161  9:44  Siege Tank  
  167  9:50  Terran Infantry Weapons Level 3  
  167  9:52  SCV x3  
  170  9:54  Refinery  
  170  9:55  Refinery  
  170  9:56  Supply Depot  
  170  9:57  Supply Depot  
  170  10:00  Ghost Academy  
  167  10:19  Siege Tank x2  
  173  10:33  Marauder, Marine x7  
  173  10:34  Marine, Barracks x2  
  183  10:37  Barracks  
  183  10:42  Command Center  
  180  10:43  Concussive Shells  
  180  10:45  Terran Infantry Armor Level 3  
  180  10:46  Sensor Tower  
  180  10:47  SCV x4  
  184  10:51  Siege Tank x2, Marine x3  
  184  10:57  Marauder, Marine x4  
  194  10:58  Marine  
  194  11:01  SCV  
  200  11:13  Command Center  
  200  11:19  Terran Vehicle Weapons Level 2  
  200  11:20  Personal Cloaking  
  200  11:22  Barracks Tech Lab x2  
  200  11:23  Barracks Tech Lab  
  200  11:30  Missile Turret  
  200  11:39  Command Center  
  200  11:53  Ghost x4  
  180  12:18  Marine x3  
  180  12:20  Marine x2  
  180  12:22  Marine, Ghost x4  
  130  12:25  Marine x2  
  130  12:27  Siege Tank x2  
  130  12:29  Liberator x2  
  111  12:35  SCV  
  111  12:36  SCV x4, Marine x2  
  117  12:37  SCV  
  117  12:40  Marine x4  
  117  12:43  Marine  
  121  12:50  Ghost x2  
  122  12:56  Planetary Fortress, Orbital Command  
  122  12:59  Marine x2  
  122  13:01  Marine, Ghost  
  122  13:03  Marine, Ghost  
  124  13:06  Marine  
  124  13:08  Marine  
  126  13:17  Siege Tank x2  
  134  13:20  Marauder  
  134  13:22  Refinery  
  134  13:24  SCV x4, Refinery  
  138  13:30  Marauder  
  138  13:33  Ghost  
  140  13:35  Marine x8  
  140  13:38  SCV x4  
  140  13:40  Ghost  
  157  13:42  Barracks Tech Lab  
  157  13:46  Missile Turret  
  157  13:48  Missile Turret  
  156  13:54  Ghost  
  139  14:06  Marine x4  
Show
View Real Time Build Order
Export as new Build Order

Solar Zerg - Winner!

Build Orders: Pool First, Lurkers 

Get SALT Encoding   

  12  0:00  Drone  
  13  0:12  Overlord  
  13  0:16  Drone  
  14  0:31  Drone x2  
  16  0:40  Spawning Pool  
  15  0:44  Drone  
  15  0:49  Drone  
  17  1:07  Hatchery  
  17  1:10  Drone  
  17  1:24  Extractor  
  16  1:26  Zergling x4  
  16  1:27  Zergling x2  
  16  1:31  Queen  
  21  1:39  Overlord  
  21  1:49  Drone  
  22  2:00  Drone  
  23  2:06  Queen  
  25  2:11  Drone  
  26  2:19  Queen  
  26  2:20  Drone  
  26  2:22  Drone  
  30  2:28  Metabolic Boost  
  30  2:33  Drone  
  30  2:34  Drone  
  32  2:39  Drone  
  33  2:44  Overlord  
  33  2:45  Drone  
  33  2:46  Drone  
  33  2:49  Drone  
  36  2:57  Drone  
  34  3:05  Hatchery  
  33  3:07  Drone  
  33  3:09  Drone  
  33  3:11  Drone  
  36  3:18  Drone x2  
  36  3:19  Drone x2  
  40  3:24  Queen  
  42  3:27  Overlord  
  42  3:31  Drone  
  42  3:32  Drone  
  44  3:37  Overlord  
  44  3:47  Zergling x4  
  44  3:48  Drone x2  
  48  3:49  Zergling x2, Overlord  
  48  3:53  Drone x2  
  51  3:56  Zergling x2  
  51  3:59  Queen  
  51  4:01  Drone  
  55  4:03  Overlord  
  55  4:05  Drone x2  
  55  4:06  Zergling x2  
  58  4:12  Drone  
  59  4:17  Drone x2, Queen  
  59  4:20  Drone x2  
  59  4:21  Drone  
  59  4:24  Zergling x2  
  67  4:28  Overlord  
  67  4:32  Drone x2  
  67  4:33  Drone x2  
  67  4:35  Drone  
  67  4:38  Overlord  
  72  4:40  Lair  
  72  4:41  Drone  
  72  4:47  Baneling Nest  
  72  4:48  Drone  
  72  4:49  Extractor  
  72  4:50  Zergling x2, Extractor  
  71  4:53  Queen  
  71  4:54  Zergling x4  
  71  4:56  Drone x2  
  71  4:58  Spore Crawler x2  
  71  4:59  Spore Crawler  
  74  5:02  Drone x2  
  74  5:05  Drone  
  77  5:08  Drone  
  77  5:09  Drone, Evolution Chamber  
  77  5:10  Drone, Evolution Chamber  
  77  5:11  Drone  
  77  5:12  Drone  
  80  5:14  Drone x2  
  80  5:17  Drone x2  
  80  5:19  Overlord  
  84  5:23  Drone  
  84  5:27  Extractor  
  84  5:29  Drone, Extractor  
  84  5:33  Drone  
  85  5:35  Drone  
  85  5:37  Drone  
  85  5:38  Drone x2, Overseer  
  85  5:39  Drone x2  
  85  5:42  Centrifugal Hooks  
  91  5:44  Drone x2  
  92  5:51  Overlord  
  92  5:54  Zergling x6  
  94  6:00  Overlord  
  94  6:03  Hatchery  
  93  6:05  Zergling x8  
  93  6:07  Overlord  
  93  6:11  Zerg Ground Armor Level 1  
  97  6:12  Zerg Melee Weapons Level 1  
  97  6:16  Overlord  
  97  6:17  Zergling x14  
  103  6:24  Drone x2  
  102  6:30  Drone  
  102  6:32  Drone x3  
  105  6:36  Zergling x4  
  107  6:41  Drone x4  
  107  6:44  Baneling x9  
  107  6:45  Baneling  
  107  6:46  Zergling x4  
  112  6:50  Pneumatized Carapace, Hatchery, Overlord  
  111  6:56  Overlord  
  111  6:59  Zergling x2  
  111  7:00  Drone  
  113  7:02  Baneling x3  
  113  7:04  Zergling x6  
  113  7:07  Zergling x6  
  119  7:08  Drone  
  119  7:09  Drone x3, Hydralisk Den  
  119  7:13  Extractor  
  121  7:16  Zergling x2  
  121  7:17  Zergling x4  
  124  7:23  Zergling x6  
  124  7:29  Zergling x2  
  122  7:30  Drone  
  122  7:31  Drone x2  
  122  7:32  Drone  
  122  7:33  Drone  
  122  7:35  Drone  
  122  7:37  Drone x2  
  115  7:38  Zergling x10  
  115  7:42  Drone, Muscular Augments  
  120  7:46  Zergling x2  
  120  7:48  Zergling x2  
  120  7:49  Zergling x6  
  124  7:54  Zergling x4  
  124  7:56  Baneling x3  
  125  7:59  Drone  
  125  8:00  Drone x2  
  125  8:04  Overlord  
  128  8:07  Hydralisk x5  
  128  8:10  Zerg Melee Weapons Level 2, Zerg Ground Armor Level 2  
  128  8:11  Zergling x2  
  128  8:12  Infestation Pit, Zergling x14  
  145  8:14  Baneling x6  
  145  8:15  Baneling, Overlord  
  145  8:17  Zergling x8  
  145  8:19  Overseer  
  149  8:21  Drone  
  149  8:23  Zergling x2  
  149  8:24  Zergling x4  
  153  8:28  Hatchery, Extractor  
  153  8:30  Drone, Hydralisk  
  153  8:33  Zergling x4  
  156  8:36  Baneling  
  156  8:37  Zergling x8  
  156  8:40  Zergling x6  
  162  8:43  Baneling  
  162  8:44  Baneling x10  
  162  8:45  Overlord  
  162  8:46  Zergling x6  
  162  8:47  Overlord  
  165  8:48  Hive  
  164  8:56  Zergling x4  
  164  9:00  Zergling x4  
  164  9:01  Zergling x6  
  164  9:03  Grooved Spines  
  164  9:04  Hydralisk  
  164  9:05  Hydralisk x2  
  164  9:07  Hydralisk x2  
  164  9:08  Zergling x10  
  178  9:11  Zergling x4  
  178  9:12  Zergling x2  
  176  9:17  Drone x3, Lurker Den  
  176  9:19  Zergling x6  
  176  9:21  Extractor  
  176  9:23  Zergling x2  
  176  9:24  Zergling x2  
  180  9:27  Zergling x2  
  180  9:30  Overlord x2  
  179  9:32  Zergling x4, Baneling  
  179  9:35  Overlord  
  179  9:37  Overlord  
  181  9:46  Zergling x12  
  181  9:49  Baneling x11  
  181  9:50  Drone  
  181  9:51  Zergling x20  
  198  9:53  Baneling x2  
  198  9:55  Hatchery  
  198  9:56  Hydralisk  
  199  10:10  Viper  
  199  10:18  Adrenal Glands, Seismic Spines  
  200  10:23  Zergling x2  
  200  10:26  Zerg Missile Weapons Level 1, Zergling x14  
  197  10:45  Hatchery  
  197  10:49  Zerg Ground Armor Level 3  
  195  10:50  Zergling x14  
  195  10:51  Zergling x2  
  199  11:06  Baneling x10  
  199  11:13  Baneling x6  
  199  11:15  Adaptive Talons  
  199  11:20  Overseer  
  199  11:21  Drone  
  200  11:26  Nydus Network  
  199  11:34  Drone  
  199  11:39  Drone, Spore Crawler  
  200  11:46  Hydralisk x3, Zergling x2  
  200  11:47  Zergling x30  
  194  11:51  Zergling x4, Hatchery  
  194  11:52  Zergling x2  
  199  11:54  Baneling  
  199  11:55  Baneling x12  
  199  12:04  Zergling x12  
  199  12:06  Zergling x2  
  199  12:13  Zergling x10  
  199  12:14  Zergling x6  
  192  12:20  Zergling x22  
  192  12:21  Zergling x14  
  163  12:30  Zergling x8  
  163  12:32  Nydus Canal  
  163  12:36  Zergling x10  
  164  12:41  Zergling x10  
  164  12:44  Hydralisk x2  
  168  12:48  Drone  
  168  12:49  Spore Crawler  
  172  12:52  Drone x2, Zergling x4, Nydus Canal  
  173  12:58  Hydralisk x3  
  173  13:02  Burrow  
  173  13:03  Zergling x8  
  174  13:07  Zergling x18  
  174  13:10  Zergling x4  
  178  13:13  Drone x2  
  178  13:14  Zergling x6  
  178  13:15  Drone  
  178  13:16  Zergling x2  
  178  13:17  Hatchery  
  184  13:21  Baneling x16  
  184  13:22  Overseer x2, Baneling x8  
  184  13:24  Lurker x11  
  184  13:26  Zergling x6  
  184  13:27  Zergling x4  
  200  13:34  Baneling x10  
  200  13:42  Baneling, Nydus Canal  
  200  13:43  Baneling x8  
  190  13:57  Zergling x14  
  190  13:58  Zergling x14  
  190  13:59  Nydus Canal  
  190  14:00  Zergling x12  
  195  14:07  Zergling x8  
  195  14:08  Zergling x10  
Tags
 
Add a new tag
Caveats
  • Supply blocks, unpowered buildings, or Contaminate may cause inaccurate times.
  • Supply counts are checked every 10 seconds.